[Event "December 5 Early 2023"]
[Site "https://www.chess.com"]
[Date "2023.12.05"]
[Round "7"]
[White "NovakRatko"]
[Black "Zoete, Roelant"]
[Result "1-0"]
[Board "136"]
[TimeControl "180+1"]
[BlackFideId "40103269"]
[WhiteElo "2474"]
[BlackElo "2258"]
[BlackTeam "NED"]
[WhiteClock "0:01:54"]
[BlackClock "0:00:24"]

1. d4 d5 2. c4 e6 3. cxd5 Nf6 4. Nc3 exd5 5. f3 Bf5 6. Bg5 c6 7. e4 Bg6 8. e5 h6 9. Bh4 Qe7 10. Qe2 Nbd7 11. exf6 Nxf6 12. Bxf6 gxf6 13. O-O-O h5 14. Qxe7+ Kxe7 15. Bd3 Bh6+ 16. Kc2 Bxd3+ 17. Kxd3 Rhg8 18. g3 Kd6 19. Re1 Rae8 20. Nh3 b6 21. b4 c5 22. bxc5+ bxc5 23. dxc5+ Kxc5 24. Rxe8 Rxe8 25. Nf4 Bxf4 26. gxf4 f5 27. Rb1 Rg8 28. Rb5+ Kc6 29. Rxd5 Rg2 30. Rxf5 Rxh2 31. Rxf7 a5 32. Rf5 h4 33. Rxa5 h3 34. Rh5 Rh1 35. Ke3 h2 36. Ne2 Kd6 37. Kf2 Ke6 38. a4 Kd6 39. a5 Ke6 40. a6 Ra1 41. Rxh2 Kf7 42. Rh6 Kg7 43. Rb6 Kf7 44. f5 Ke7 45. Kg3 Kf7 46. Kf4 Kf8 47. Ng3 Ra4+ 48. Ne4 Kf7 49. Ke5 Kf8 50. f6 Ra5+ 51. Ke6 Ke8 52. Rb8# 1-0

[Event "December 5 Early 2023"]
[Site "https://www.chess.com"]
[Date "2023.12.05"]
[Round "7"]
[White "Garcia Correa, Jose Ricardo"]
[Black "Jovic, Stanoje"]
[Result "0-1"]
[Board "137"]
[TimeControl "180+1"]
[WhiteFideId "5101832"]
[BlackFideId "905020"]
[WhiteElo "2236"]
[BlackElo "2458"]
[WhiteTeam "MEX"]
[BlackTeam "SRB"]
[WhiteClock "0:00:10"]
[BlackClock "0:00:06"]

1. e4 c6 2. d4 d5 3. Nc3 dxe4 4. Nxe4 Nf6 5. Ng5 h6 6. N5f3 Bg4 7. h3 Bh5 8. Bc4 e6 9. g4 Bg6 10. Qe2 Nbd7 11. c3 b5 12. Bb3 a5 13. Nh4 Be4 14. f3 Bd5 15. Bc2 Be7 16. Be3 Nxg4 17. hxg4 Bxh4+ 18. Kd2 Bg5 19. Rh5 Bxe3+ 20. Qxe3 Nf6 21. Rh3 g5 22. Ne2 Qc7 23. b3 O-O-O 24. Bd3 e5 25. dxe5 Nd7 26. Kc2 Nxe5 27. Bf5+ Kb8 28. Nd4 Rhe8 29. Qf2 Qd6 30. Rah1 Rh8 31. Kb1 Kb7 32. Bc2 a4 33. Nf5 Qa3 34. c4 axb3 35. axb3 Ra8 36. Qd4 bxc4 37. Qxe5 cxb3 38. Qe7+ Qxe7 39. Nxe7 bxc2+ 40. Kxc2 Ra2+ 41. Kc3 Ra3+ 42. Kd4 Rxf3 43. Rxh6 Rf4+ 44. Ke5 Re8 45. Kd6 Bxh1 46. Rxh1 Rd4+ 47. Ke5 Rxg4 48. Kf6 Rf4+ 49. Ke5 Rf2 50. Kd6 Rf6+ 51. Kd7 Rxe7+ 52. Kxe7 Rf5 53. Rb1+ Rb5 54. Rf1 f5 55. Kf6 g4 56. Kg5 Kb6 57. Kf4 Rd5 58. Rb1+ Kc7 59. Rc1 Kd6 60. Rc3 c5 61. Rd3 Rxd3 62. Kxf5 g3 63. Kg4 g2 64. Kf4 g1=Q 65. Ke4 Qe3+ 66. Kf5 Rd5+ 0-1

[Event "December 5 Early 2023"]
[Site "https://www.chess.com"]
[Date "2023.12.05"]
[Round "7"]
[White "Cagara, Paulina"]
[Black "Mizzi, Jack"]
[Result "0-1"]
[Board "138"]
[TimeControl "180+1"]
[WhiteFideId "1124870"]
[BlackFideId "5602521"]
[WhiteElo "2226"]
[BlackElo "2451"]
[WhiteTeam "POL"]
[BlackTeam "MLT"]
[WhiteClock "0:01:20"]
[BlackClock "0:00:29"]

1. e4 c6 2. d4 d5 3. exd5 cxd5 4. Bd3 Nc6 5. c3 Qc7 6. Nf3 Nf6 7. h3 g6 8. O-O Bg7 9. Bg5 Bf5 10. Bxf5 gxf5 11. Nbd2 Ne4 12. Bh4 O-O 13. Qe2 Rae8 14. Nxe4 fxe4 15. Nd2 e5 16. dxe5 Qxe5 17. Bg3 Qe6 18. Nb3 f5 19. Rad1 f4 20. Bh2 f3 21. Qe3 fxg2 22. Kxg2 Rf3 23. Qg5 Qxh3+ 24. Kg1 Rf6 25. Qxd5+ Kh8 26. Kh1 Rh6 0-1

[Event "December 5 Early 2023"]
[Site "https://www.chess.com"]
[Date "2023.12.05"]
[Round "7"]
[White "Mestnikov, Aisen"]
[Black "Yushko, Olga"]
[Result "1-0"]
[Board "139"]
[TimeControl "180+1"]
[WhiteFideId "34130117"]
[BlackFideId "14114500"]
[WhiteElo "2451"]
[BlackElo "2123"]
[WhiteTeam "RUS"]
[BlackTeam "UKR"]
[WhiteClock "0:00:31"]
[BlackClock "0:01:24"]

1. d4 e6 2. c4 f5 3. Nc3 Nf6 4. g3 Be7 5. Bg2 O-O 6. Nf3 d6 7. O-O Qe8 8. Qc2 Qg6 9. Nh4 Qh5 10. e4 Nxe4 11. Nxe4 Bxh4 12. gxh4 fxe4 13. Qxe4 e5 14. dxe5 dxe5 15. Bg5 Nc6 16. Rad1 Bf5 17. Qd5+ Kh8 18. Qc5 h6 19. Be3 Qxh4 20. b4 e4 21. b5 Bh3 22. f3 exf3 23. Rxf3 Bxg2 24. Rxf8+ Rxf8 25. Qxf8+ Kh7 26. Qf5+ Kh8 27. Kxg2 Qxc4 28. Rd2 Qc3 29. bxc6 Qxc6+ 30. Kf2 1-0

[Event "December 5 Early 2023"]
[Site "https://www.chess.com"]
[Date "2023.12.05"]
[Round "7"]
[White "Vila Dupla, Aurelio"]
[Black "Gubajdullin, Alexei"]
[Result "0-1"]
[Board "140"]
[TimeControl "180+1"]
[WhiteFideId "2203383"]
[BlackFideId "4141202"]
[WhiteElo "2200"]
[BlackElo "2615"]
[WhiteTeam "ESP"]
[BlackTeam "RUS"]
[WhiteClock "0:00:07"]
[BlackClock "0:01:29"]

1. Nf3 Nf6 2. d4 c5 3. c4 cxd4 4. Nxd4 e5 5. Nc2 d5 6. cxd5 Nxd5 7. e4 Nb4 8. Qxd8+ Kxd8 9. Nxb4 Bxb4+ 10. Bd2 Bxd2+ 11. Nxd2 Be6 12. Bc4 Ke7 13. Rc1 Nc6 14. Ke2 Rhd8 15. Ke3 Rd6 16. Bxe6 Kxe6 17. Nc4 Rd4 18. Rhd1 Rad8 19. Rxd4 Rxd4 20. f3 g6 21. a3 f5 22. Rc2 f4+ 23. Ke2 g5 24. Nd2 Rd6 25. Nb3 b6 26. Rd2 h5 27. Rxd6+ Kxd6 28. Kd3 g4 29. fxg4 hxg4 30. Nc1 Nd4 31. Ne2 Ne6 32. b4 Ng5 33. Ng1 Kc6 34. Kc4 Nxe4 35. h4 gxh3 36. gxh3 Nd6+ 37. Kd3 Kd5 38. h4 e4+ 39. Ke2 Nf5 40. h5 Ng3+ 0-1

[Event "December 5 Early 2023"]
[Site "https://www.chess.com"]
[Date "2023.12.05"]
[Round "7"]
[White "Kotlyar, Kirill"]
[Black "Buscar, Michael"]
[Result "1-0"]
[Board "141"]
[TimeControl "180+1"]
[WhiteFideId "24145599"]
[BlackFideId "2603616"]
[WhiteElo "2605"]
[BlackElo "2345"]
[WhiteTeam "RUS"]
[BlackTeam "CAN"]
[WhiteClock "0:00:43"]
[BlackClock "0:00:03"]

1. e4 c5 2. Nf3 Nc6 3. d4 cxd4 4. Nxd4 Nf6 5. Nc3 e5 6. Ndb5 h6 7. Nd6+ Bxd6 8. Qxd6 Qe7 9. Qd1 O-O 10. Bc4 Rd8 11. O-O d6 12. Be3 Be6 13. Qe2 Nd4 14. Bxd4 exd4 15. Nb5 Bxc4 16. Qxc4 Qxe4 17. Rae1 Qc6 18. Qd3 Rac8 19. Nxd4 Qc4 20. Qd2 Qxa2 21. b3 Qb2 22. Re3 Nd5 23. Rg3 Kf8 24. Nf5 Ne7 25. Nxg7 Qxg7 26. Rxg7 Kxg7 27. Re1 Ng6 28. Qd4+ Kg8 29. c4 Rc5 30. f4 b6 31. g3 Ra5 32. b4 Ra3 33. f5 Ne5 34. Rxe5 1-0

[Event "December 5 Early 2023"]
[Site "https://www.chess.com"]
[Date "2023.12.05"]
[Round "7"]
[White "Mohammed, Zozek Salah Mohammed"]
[Black "Kim, Sergey"]
[Result "1-0"]
[Board "142"]
[TimeControl "180+1"]
[WhiteFideId "4803361"]
[BlackFideId "13700570"]
[WhiteElo "2344"]
[BlackElo "2576"]
[WhiteTeam "IRQ"]
[BlackTeam "KAZ"]
[WhiteClock "0:00:38"]
[BlackClock "0:00:17"]

1. d4 Nf6 2. Nf3 g6 3. g3 Bg7 4. Bg2 d6 5. O-O O-O 6. b3 e5 7. dxe5 Nfd7 8. Bg5 Qe8 9. Nc3 Na6 10. Nd5 dxe5 11. Be7 c6 12. Bxf8 Kxf8 13. Ne3 Qe7 14. Rc1 Nac5 15. c4 a5 16. Qc2 e4 17. Nd2 f5 18. Nd1 Qe5 19. Nc3 Nf6 20. Rfd1 Be6 21. Nf1 Bh6 22. Rb1 Bg7 23. Nd5 Nfd7 24. Nf4 Bf7 25. h4 Bf6 26. Rd2 Kg7 27. Rbd1 Be8 28. Ne3 g5 29. hxg5 Bxg5 30. Qb2 Bxf4 31. gxf4 Qxb2 32. Rxb2 Kf6 33. Bh3 Bg6 34. Rbd2 Ke6 35. Rd6+ Ke7 36. Bxf5 Bxf5 37. Nxf5+ Ke8 38. a3 Nf8 39. b4 axb4 40. axb4 Nce6 41. e3 Ra4 42. b5 Rxc4 43. Rxe6+ Nxe6 44. Nd6+ Ke7 45. Nxc4 cxb5 46. Nd6 b4 47. Nxb7 Nc7 48. Nc5 h5 49. Rd7+ 1-0

[Event "December 5 Early 2023"]
[Site "https://www.chess.com"]
[Date "2023.12.05"]
[Round "7"]
[White "Rogov, Matfey"]
[Black "Tarasova, Viktoriya"]
[Result "1-0"]
[Board "144"]
[TimeControl "180+1"]
[WhiteFideId "44191308"]
[BlackFideId "4175840"]
[WhiteElo "2525"]
[BlackElo "2335"]
[WhiteTeam "RUS"]
[BlackTeam "RUS"]
[WhiteClock "0:00:08"]
[BlackClock "0:00:00"]

1. e4 e5 2. Nf3 Nc6 3. Bc4 Bc5 4. c3 Nf6 5. d4 exd4 6. cxd4 Bb4+ 7. Nc3 Nxe4 8. O-O Bxc3 9. d5 Bf6 10. Re1 Ne7 11. Rxe4 d6 12. Rf4 Ng6 13. Qe2+ Be7 14. Re4 O-O 15. h4 Bf5 16. Rd4 Bf6 17. Bg5 Re8 18. Qd2 h6 19. Bxf6 Qxf6 20. Bb5 Re7 21. h5 Ne5 22. Rf4 a6 23. Nd4 axb5 24. Nxf5 Ree8 25. Rc1 Qg5 26. Rc3 Nc4 27. Qd4 f6 28. Rg3 Re1+ 29. Kh2 Qxh5+ 30. Rh3 Qg5 31. Nxh6+ gxh6 32. Rg4 1-0

[Event "December 5 Early 2023"]
[Site "https://www.chess.com"]
[Date "2023.12.05"]
[Round "7"]
[White "De Arruda, Leandro Formes"]
[Black "Bilan, Danila"]
[Result "0-1"]
[Board "145"]
[TimeControl "180+1"]
[WhiteFideId "22722009"]
[BlackFideId "24161918"]
[WhiteElo "2329"]
[BlackElo "2521"]
[WhiteTeam "BRA"]
[BlackTeam "RUS"]
[WhiteClock "0:00:11"]
[BlackClock "0:00:08"]

1. d4 d5 2. Nf3 c6 3. Nbd2 Nf6 4. e3 Bg4 5. Be2 e6 6. Ne5 Bxe2 7. Qxe2 Nbd7 8. O-O Nxe5 9. dxe5 Nd7 10. f4 Bc5 11. Kh1 a5 12. e4 O-O 13. exd5 cxd5 14. c4 dxc4 15. Nxc4 b5 16. Ne3 Qb6 17. Bd2 Rfd8 18. Rf3 Rac8 19. Rg3 Nf8 20. Ng4 Kh8 21. Rh3 Rd5 22. Ne3 Bxe3 23. Bxe3 Qd8 24. Rg1 b4 25. Qh5 Kg8 26. Rg3 Rc2 27. Qg4 Ng6 28. f5 exf5 29. Qxf5 Rxb2 30. Rf3 Qd7 31. Qe4 Rxe5 32. Qc4 h6 33. Rgf1 Re7 34. Bc5 Ne5 35. Qc1 Nxf3 36. Bxe7 Qd2 37. Qc8+ Kh7 38. Qf5+ Kg8 39. Qxf3 Rxa2 40. Qxf7+ Kh7 41. Qf5+ Kg8 42. Qg4 Qd5 43. Bf6 Qf7 44. Qc8+ Kh7 45. Qf5+ Qg6 46. Qd7 Rc2 47. Qh3 b3 48. Bxg7 Qxg7 49. Qd3+ Qg6 50. Qf3 b2 51. Re1 Rc1 52. Qb7+ Qg7 53. Qe4+ Kg8 54. Qe8+ Qf8 55. Qg6+ Qg7 56. Qe8+ Kh7 57. Qe4+ Qg6 58. Qe7+ Kg8 59. Qd8+ Kg7 60. Qe7+ Qf7 61. Qe5+ Qf6 62. Qc7+ Rxc7 0-1

[Event "December 5 Early 2023"]
[Site "https://www.chess.com"]
[Date "2023.12.05"]
[Round "7"]
[White "Tao, Sihan"]
[Black "titledsquirrel2007"]
[Result "1-0"]
[Board "146"]
[TimeControl "180+1"]
[WhiteFideId "30982677"]
[WhiteElo "2521"]
[BlackElo "2327"]
[WhiteTeam "USA"]
[WhiteClock "0:02:18"]
[BlackClock "0:02:01"]

1. e4 e6 2. d4 d5 3. Nd2 c5 4. Ngf3 cxd4 5. Nxd4 Nc6 6. Bb5 Bd7 7. Nxc6 bxc6 8. Bd3 Bd6 9. Qe2 Qc7 10. Nf3 Ne7 11. O-O O-O 12. e5 Bc5 13. b3 Ng6 14. Bb2 Nf4 15. Qd2 Nxd3 16. Qxd3 Be7 17. c4 a5 18. h4 a4 19. Ng5 Bxg5 20. hxg5 axb3 21. axb3 Rab8 22. Ba3 c5 23. cxd5 exd5 24. Qxd5 Be6 25. Qxc5 Qxc5 26. Bxc5 Rfc8 27. b4 Bc4 28. Rfd1 Rc6 29. Rd6 Rcc8 30. Rad1 Be6 31. f3 h6 32. gxh6 gxh6 33. Kf2 Kg7 34. R6d4 h5 35. Rh1 Kg6 36. Rdh4 Rh8 37. g4 Ra8 38. Rxh5 Rxh5 39. Rxh5 Ra2+ 40. Kg3 Bd5 41. Rf5 Ra3 42. Rf6+ Kg7 43. b5 Rc3 44. Bf2 Rb3 45. b6 Be6 46. Kh4 Bd5 47. f4 Rb4 48. Kg5 Be6 49. Bc5 Rb1 50. f5 Bd7 51. Rd6 Bc8 52. Rd8 Bb7 53. Rd7 Bc6 54. Rc7 Bf3 55. e6 1-0

[Event "December 5 Early 2023"]
[Site "https://www.chess.com"]
[Date "2023.12.05"]
[Round "7"]
[White "IranianCheetah"]
[Black "Vakhidov, Shahzod"]
[Result "0-1"]
[Board "147"]
[TimeControl "180+1"]
[BlackFideId "14205270"]
[WhiteElo "2326"]
[BlackElo "2517"]
[BlackTeam "UZB"]
[WhiteClock "0:00:00"]
[BlackClock "0:00:15"]

1. e4 c5 2. Nf3 g6 3. d4 cxd4 4. Qxd4 Nf6 5. e5 Nc6 6. Qa4 Nd5 7. Qe4 Nb6 8. Nc3 Bg7 9. Bf4 d5 10. exd6 Bf5 11. Qe2 O-O 12. O-O-O exd6 13. Rxd6 Qc8 14. Qb5 Re8 15. Bd3 Bxd3 16. Rxd3 Qg4 17. Qg5 Qc8 18. a3 a6 19. h4 h6 20. Qc5 Nd7 21. Qd6 Nf6 22. Re1 Rxe1+ 23. Nxe1 Nh5 24. Nf3 Qf5 25. Nd5 Bf8 26. Qc7 Rc8 27. Qxb7 Nxf4 28. Nxf4 Qxf4+ 29. Kb1 Qc7 30. Qxa6 Bg7 31. h5 Nb4 32. Qxc8+ Qxc8 33. axb4 g5 34. c3 Qg4 35. b5 Qf5 36. Kc2 Qxb5 37. b4 g4 38. Nd4 Qxh5 39. b5 Bxd4 40. Rxd4 Qxb5 41. Rxg4+ Kf8 42. f3 h5 43. Re4 Qg5 44. Re2 Qf5+ 45. Re4 h4 46. Kb3 h3 47. gxh3 Qxf3 48. Rh4 Qg3 49. Rh8+ Kg7 50. Rc8 Qxh3 0-1

[Event "December 5 Early 2023"]
[Site "https://www.chess.com"]
[Date "2023.12.05"]
[Round "7"]
[White "Tharushi, T H D Niklesha"]
[Black "Chylewski, Patryk"]
[Result "1-0"]
[Board "148"]
[TimeControl "180+1"]
[WhiteFideId "9918264"]
[BlackFideId "1186191"]
[WhiteElo "2317"]
[BlackElo "2517"]
[WhiteTeam "SRI"]
[BlackTeam "POL"]
[WhiteClock "0:00:11"]
[BlackClock "0:00:03"]

1. e4 e6 2. d4 d5 3. Nc3 Bb4 4. exd5 exd5 5. Bd3 Nf6 6. Ne2 Bg4 7. O-O O-O 8. f3 Bh5 9. Bg5 c6 10. Ng3 Bg6 11. Nce2 Nbd7 12. Nf5 Re8 13. c3 Bf8 14. Neg3 h6 15. Bf4 Nb6 16. b3 Qd7 17. Qc2 Rac8 18. b4 Nc4 19. Nh4 Bxd3 20. Qxd3 g5 21. Be5 Nxe5 22. dxe5 Rxe5 23. Nhf5 Rce8 24. h4 Qe6 25. hxg5 hxg5 26. f4 gxf4 27. Rxf4 c5 28. Raf1 cxb4 29. Nd4 Qe7 30. Rxf6 Bg7 31. Rxf7 Qxf7 32. Rxf7 Kxf7 33. Qf3+ Kg8 34. cxb4 Re1+ 35. Kh2 Bxd4 36. Nf5 Bf6 37. Qg4+ Kf7 38. Nd6+ Ke7 39. Nxe8 Kxe8 40. Qg6+ Ke7 41. Qh7+ Ke6 42. Qxb7 Re5 43. Qxa7 Kf5 44. Qf2+ Ke6 45. b5 Rh5+ 46. Kg1 Rh4 47. Qe3+ Re4 48. Qb6+ Kf5 49. Qf2+ Ke6 50. Qc2 Bd4+ 51. Kf1 Rf4+ 52. Ke1 Re4+ 53. Kd1 Rf4 54. Qc6+ Ke5 55. Qc7+ Ke4 56. b6 Kd3 57. Qh7+ Kc3 58. b7 Rf1+ 59. Ke2 Rf2+ 60. Ke1 Rxg2 61. b8=Q Rg1+ 62. Ke2 Rg2+ 63. Kf3 Rf2+ 64. Kg4 Rg2+ 65. Kf5 Rf2+ 66. Ke6 Rf6+ 67. Kd7 Rb6 68. Qh3+ Kc4 69. Qc7+ Kb5 70. Qb3+ Ka5 71. Qa3+ Kb5 72. Qd3+ Ka5 73. Qxd4 Ka6 74. Qa4# 1-0

[Event "December 5 Early 2023"]
[Site "https://www.chess.com"]
[Date "2023.12.05"]
[Round "7"]
[White "Rangel, Daniel"]
[Black "Shapiro, Daniel"]
[Result "1-0"]
[Board "149"]
[TimeControl "180+1"]
[WhiteFideId "2124475"]
[BlackFideId "2001780"]
[WhiteElo "2515"]
[BlackElo "2313"]
[WhiteTeam "BRA"]
[BlackTeam "USA"]
[WhiteClock "0:00:22"]
[BlackClock "0:00:00"]

1. c4 e5 2. g3 Nf6 3. Bg2 d5 4. cxd5 Nxd5 5. Nf3 Nc6 6. O-O Nf6 7. b3 Bd6 8. Bb2 O-O 9. d3 a5 10. Nbd2 Qe7 11. Nc4 h6 12. d4 e4 13. Nfe5 Nb4 14. Nxd6 cxd6 15. Nc4 Bf5 16. e3 b5 17. Na3 Nd3 18. Qd2 Qd7 19. Rab1 d5 20. Nc2 b4 21. Ne1 Nxb2 22. Rxb2 Bh3 23. Rc2 Bxg2 24. Nxg2 g5 25. Rfc1 Qh3 26. Ne1 Ng4 27. f3 exf3 28. Nxf3 Rfe8 29. Ne5 Nxe5 30. dxe5 Qe6 31. Rc5 Qxe5 32. Rxd5 Qxe3+ 33. Qxe3 Rxe3 34. Kf2 Rae8 35. Rc2 g4 36. Rxa5 Rf3+ 37. Kg2 Ree3 38. Rac5 Rc3 39. Rc4 Rxc2+ 40. Rxc2 Rc3 41. Rd2 f5 42. Kf2 Kf7 43. Ke2 Ke6 44. Kd1 Ke5 45. Re2+ Kd4 46. Rf2 Ke4 47. Rf4+ Ke5 48. Rxb4 h5 49. a4 h4 50. a5 hxg3 51. hxg3 Rxg3 52. a6 Rh3 53. a7 Rh1+ 54. Kc2 1-0

[Event "December 5 Early 2023"]
[Site "https://www.chess.com"]
[Date "2023.12.05"]
[Round "7"]
[White "yaguigor"]
[Black "Shinkarev, M"]
[Result "1-0"]
[Board "150"]
[TimeControl "180+1"]
[BlackFideId "4145348"]
[WhiteElo "2311"]
[BlackElo "2494"]
[BlackTeam "RUS"]
[WhiteClock "0:00:41"]
[BlackClock "0:01:00"]

1. d4 Nf6 2. c4 e6 3. Nc3 Bb4 4. Qc2 d5 5. cxd5 Qxd5 6. e3 c5 7. Bd2 Bxc3 8. Bxc3 O-O 9. Nf3 Nc6 10. dxc5 Qxc5 11. Bd3 e5 12. Bxe5 Qxc2 13. Bxc2 Nb4 14. Bb3 Bg4 15. Bxf6 gxf6 16. Nd4 a5 17. Kd2 a4 18. a3 Na6 19. Bxa4 Nc5 20. Bc2 Bd7 21. Rhc1 Rfd8 22. b4 Ne6 23. Nxe6 Bxe6+ 24. Ke1 Rdc8 25. a4 Rc4 26. b5 Rac8 27. Kd2 Rd8+ 28. Bd3 Rb4 29. Ra3 Bb3 30. Rb1 Rxd3+ 31. Kxd3 Bc4+ 32. Kc2 Bd3+ 33. Rxd3 Rxa4 34. Rd7 b6 35. Rd6 Ra2+ 36. Rb2 Ra1 37. Rxf6 Rg1 38. g3 Rg2 39. Kd3 Kg7 40. Rxb6 Rxh2 41. Rc6 Rxf2 42. Rxf2 h5 43. b6 h4 44. gxh4 f5 45. b7 Kh7 46. b8=Q f4 47. Qb7+ Kg8 48. Rc8# 1-0

[Event "December 5 Early 2023"]
[Site "https://www.chess.com"]
[Date "2023.12.05"]
[Round "7"]
[White "Lopusiewicz, Piotr"]
[Black "Rose, Felix"]
[Result "0-1"]
[Board "151"]
[TimeControl "180+1"]
[WhiteFideId "1116029"]
[BlackFideId "5105722"]
[WhiteElo "2453"]
[BlackElo "2312"]
[WhiteTeam "POL"]
[BlackTeam "MEX"]
[WhiteClock "0:00:10"]
[BlackClock "0:00:49"]

1. d4 d5 2. c4 e6 3. Nf3 Nf6 4. Nc3 Be7 5. Bf4 O-O 6. e3 Nbd7 7. c5 c6 8. Bd3 b6 9. b4 a5 10. a3 Ba6 11. O-O Qc8 12. h3 h6 13. Qe2 Bxd3 14. Qxd3 Qb7 15. Rfc1 axb4 16. axb4 Rxa1 17. Rxa1 Ra8 18. Qb1 Rxa1 19. Qxa1 bxc5 20. bxc5 Bd8 21. g4 Bc7 22. Bxc7 Qxc7 23. Qa8+ Kh7 24. Kg2 e5 25. Ne2 exd4 26. exd4 Ne4 27. Qe8 Ndf6 28. Qe5 Qd7 29. Ng3 Nxg3 30. Kxg3 Ne4+ 31. Kg2 g6 32. Qf4 Qe6 33. Ne5 f6 34. Nf3 g5 35. Qc7+ Kg6 36. Qd8 h5 37. gxh5+ Kxh5 38. Qf8 Kg6 39. Nh2 Nd2 40. Ng4 Qe4+ 41. Kg3 Nf1# 0-1

[Event "December 5 Early 2023"]
[Site "https://www.chess.com"]
[Date "2023.12.05"]
[Round "7"]
[White "Shevchuk, Olexandr"]
[Black "Skibbe, Willi"]
[Result "0-1"]
[Board "152"]
[TimeControl "180+1"]
[WhiteFideId "14113775"]
[BlackFideId "4682190"]
[WhiteElo "2443"]
[BlackElo "2308"]
[WhiteTeam "UKR"]
[BlackTeam "GER"]
[WhiteClock "0:01:24"]
[BlackClock "0:00:11"]

1. d4 d5 2. c4 e6 3. Nf3 Nf6 4. g3 Be7 5. Bg2 O-O 6. O-O c6 7. Qc2 b6 8. Nbd2 c5 9. cxd5 exd5 10. Rd1 Nc6 11. b3 Be6 12. Bb2 Rc8 13. Rac1 Nxd4 14. Nxd4 cxd4 15. Qd3 Qd7 16. Qxd4 Bc5 17. Qf4 Ng4 18. e3 Bd6 19. Qg5 f6 20. Qh4 Ne5 21. Nf3 Rxc1 22. Bxc1 Bg4 23. Nxe5 fxe5 24. Bxd5+ Kh8 25. Be4 Bf5 26. Bxf5 Qxf5 27. Rf1 Qc2 28. Qa4 a5 29. Ba3 Bxa3 30. Qxa3 Rf5 31. Qd6 h5 32. Qxb6 h4 33. Qd8+ Kh7 34. Qxh4+ Kg8 35. Qa4 e4 36. Qxa5 Rxa5 37. a3 Qxb3 38. Rc1 Rxa3 39. Rc8+ Kh7 40. Kg2 Qd1 41. Rf8 Ra1 0-1

[Event "December 5 Early 2023"]
[Site "https://www.chess.com"]
[Date "2023.12.05"]
[Round "7"]
[White "Sarkar, Justin"]
[Black "Kazmaier, Daniel"]
[Result "0-1"]
[Board "153"]
[TimeControl "180+1"]
[WhiteFideId "2010011"]
[BlackFideId "2606089"]
[WhiteElo "2294"]
[BlackElo "2440"]
[WhiteTeam "USA"]
[BlackTeam "CAN"]
[WhiteClock "0:00:00"]
[BlackClock "0:00:13"]

1. d4 f5 2. g3 Nf6 3. Bg2 d6 4. Nf3 g6 5. O-O Bg7 6. c4 O-O 7. Nc3 Nc6 8. d5 Na5 9. Qa4 c5 10. dxc6 Nxc6 11. Rd1 Bd7 12. Qc2 Rc8 13. b3 Qe8 14. Bb2 h6 15. e3 g5 16. Nd4 f4 17. Nf5 Bxf5 18. Qxf5 Kh8 19. exf4 Nh5 20. Qe6 gxf4 21. Bh3 Rd8 22. Nd5 Ne5 23. Bxe5 dxe5 24. Nc7 Rxd1+ 25. Rxd1 Qb8 26. Nd5 Qd6 27. Qxd6 exd6 28. Ne7 Rd8 29. Ng6+ Kg8 30. Be6+ Kh7 31. Bf5 Kg8 32. g4 Nf6 33. Ne7+ Kf7 34. Nd5 Nd7 35. Bxd7 Rxd7 36. f3 Bf6 37. Kf2 Bh4+ 38. Ke2 Ke6 39. Kd3 b6 40. Ke4 h5 41. a3 hxg4 42. fxg4 Rf7 0-1

[Event "December 5 Early 2023"]
[Site "https://www.chess.com"]
[Date "2023.12.05"]
[Round "7"]
[White "Matrix3x3a"]
[Black "Kleibel, Uwe"]
[Result "0-1"]
[Board "154"]
[TimeControl "180+1"]
[BlackFideId "1270982"]
[WhiteElo "2435"]
[BlackElo "2368"]
[BlackTeam "GER"]
[WhiteClock "0:00:06"]
[BlackClock "0:00:24"]

1. d4 d5 2. c4 e6 3. Nf3 Nf6 4. g3 Be7 5. Bg2 O-O 6. O-O c6 7. Qc2 b6 8. Nbd2 Bb7 9. e4 Na6 10. a3 c5 11. exd5 exd5 12. dxc5 Nxc5 13. b4 Ne6 14. cxd5 Bxd5 15. Bb2 a5 16. b5 Rc8 17. Qd1 Qc7 18. Rc1 Qb7 19. Qe2 Rfe8 20. Qd3 Nc5 21. Qd4 a4 22. Rfe1 h6 23. Re3 Rcd8 24. Qc3 Nce4 25. Nxe4 Bxe4 26. Qc7 Rd1+ 27. Re1 Rxe1+ 28. Nxe1 Bxg2 29. Nxg2 Qxc7 30. Rxc7 Nd5 31. Rc4 Bc5 32. Kf1 Nc7 33. Rxa4 Nxb5 34. Nf4 Rd8 35. Ke2 f6 36. Nd3 Bf8 37. Nb4 Kf7 38. Nc6 Rc8 39. Nb4 Bc5 40. Nd3 Rd8 41. Nxc5 bxc5 42. Rc4 Rd5 43. a4 Nc7 44. Ba3 Na6 45. Ke3 Ke6 46. f4 f5 47. Kf3 g5 48. Ke3 g4 49. Bb2 h5 50. Ba3 Kd6 51. Bb2 Kc6 52. Be5 Kb6 53. Bc3 Nb8 54. Be5 Nc6 55. Bc3 Ka6 56. Ke2 Na5 57. Bxa5 Kxa5 58. Ke3 Ka6 59. Ke2 Kb6 60. Ke3 Ka5 61. Ke2 Kb6 62. Ke3 Kc6 63. Ke2 Rd8 64. Ke3 Kd5 65. Rc2 Re8+ 66. Kf2 Re4 67. Rd2+ Kc6 68. Re2 Rxa4 69. Re6+ Kd5 70. Re5+ Kd4 71. Rxf5 Ra2+ 72. Kg1 c4 73. Rxh5 Ke3 74. Rc5 Kf3 75. Rxc4 Ra1+ 76. Rc1 Rxc1# 0-1

[Event "December 5 Early 2023"]
[Site "https://www.chess.com"]
[Date "2023.12.05"]
[Round "7"]
[White "Llari, Marc"]
[Black "Eilers, Stefan"]
[Result "0-1"]
[Board "155"]
[TimeControl "180+1"]
[WhiteFideId "651044269"]
[BlackFideId "4609565"]
[WhiteElo "2288"]
[BlackElo "2433"]
[WhiteTeam "FRA"]
[BlackTeam "GER"]
[WhiteClock "0:00:07"]
[BlackClock "0:00:08"]

1. d4 d5 2. Nf3 e6 3. g3 c5 4. Bg2 cxd4 5. Nxd4 e5 6. Nb3 Nf6 7. O-O h6 8. Nc3 Be6 9. f4 e4 10. Be3 Nc6 11. h3 Be7 12. f5 Bc8 13. g4 O-O 14. Qd2 Ne5 15. Rad1 Nc4 16. Qc1 a5 17. Bd4 a4 18. Nd2 Nd6 19. e3 Qa5 20. a3 Rd8 21. Na2 Nb5 22. Bxf6 Bxf6 23. Nb1 Qb6 24. c3 Bd7 25. Nb4 Bc6 26. Kh1 Nd6 27. Rfe1 Nc4 28. Bf1 Ne5 29. Nxc6 bxc6 30. Be2 Rab8 31. Rd2 Bg5 32. Rc2 Bxe3 33. Qd1 Bg5 34. Kg2 c5 35. Bf1 Nf3 36. Ree2 Qc6 37. Rf2 d4 38. cxd4 Nxd4 39. Rc4 e3+ 40. Rf3 Nxf3 41. Qxf3 Qxf3+ 42. Kxf3 Rd1 43. Be2 Rxb1 44. Rxa4 R1xb2 45. Ra7 Rd2 46. a4 Rbb2 47. Ra8+ Kh7 48. f6 Rxe2 49. fxg7 Kxg7 50. Ke4 Rf2 0-1

[Event "December 5 Early 2023"]
[Site "https://www.chess.com"]
[Date "2023.12.05"]
[Round "7"]
[White "Topalov, Aleksandar"]
[Black "Rodriguez Santiago, Jaime"]
[Result "1-0"]
[Board "156"]
[TimeControl "180+1"]
[WhiteFideId "925659"]
[BlackFideId "3100898"]
[WhiteElo "2430"]
[BlackElo "2272"]
[WhiteTeam "SRB"]
[BlackTeam "PUR"]
[WhiteClock "0:00:14"]
[BlackClock "0:00:10"]

1. b3 e5 2. Bb2 Nc6 3. e3 Nf6 4. Bb5 Bd6 5. Na3 a6 6. Bxc6 bxc6 7. Nc4 O-O 8. Nxe5 Qe7 9. Nef3 Bb7 10. Ne2 Bb4 11. O-O d5 12. Ng3 g6 13. d3 Bd6 14. Re1 c5 15. c4 dxc4 16. bxc4 Rad8 17. e4 Ng4 18. e5 Bxf3 19. exd6 Qh4 20. Qxf3 Qxh2+ 21. Kf1 Qh4 22. Qe4 cxd6 23. Bc3 f6 24. Rab1 Rde8 25. Qd5+ Kg7 26. Qxd6 Rxe1+ 27. Rxe1 Nh2+ 28. Kg1 Ng4 29. Re7+ Kh6 30. Qd7 Rh8 31. Bd2+ g5 32. Qf5 Qh2+ 33. Kf1 Qh4 34. Rf7 a5 35. Rxf6+ Nxf6 36. Qxf6# 1-0